Workbook

Sheet Lisez-moi
B2: Grille d'auto-évaluation de la gestion pharmaceutique des essais cliniques
B4: Cette grille doit impérativement être enregistrée au format Excel.
B6: Avant-propos
B7: Les bonnes pratiques cliniques (BPC) imposent une méthodologie rigoureuse dans la conduite des essais cliniques (EC). Elles fixent les responsabilités et les fonctions de tous les acteurs. Cela concerne notamment le pharmacien hospitalier, « collaborateur de l’investigateur », qui est responsable de la gestion des produits de santé expérimentaux (PSE). Le pharmacien est donc chargé d’organiser le circuit de ces produits particuliers, qui comprend la logistique et la prise en charge thérapeutique du patient, ainsi que des activités annexes : gestion du double aveugle, gestion des retours, contrôle de l’observance, participation active aux monitorings, audits… Le pharmacien responsable des essais cliniques est tenu de mettre en place un système qualité pour la gestion des produits de santé expérimentaux, en cohérence avec celui de la pharmacie à usage intérieur (PUI) et de l’établissement. Les médicaments et dispositifs médicaux (DM) expérimentaux présentent des risques spécifiques, liés à leurs conditions particulières de conditionnement, d’approvisionnement, de détention, de conservation et de dispensation. De plus, les enjeux du circuit portent non seulement sur la sécurité des soins, mais aussi sur la qualité des essais cliniques et l’intégrité des données. Le circuit des produits de santé expérimentaux doit donc être fonctionnel, évalué et faire l’objet d’une gestion des risques adaptée. En janvier 2020, une enquête nationale a été adressée aux pharmaciens responsables des essais cliniques dans les établissements de santé investigateurs français. Cette enquête a permis d'établir un état des lieux national sur le management du circuit des produits de santé expérimentaux dans les établissements de santé menant des essais cliniques. Parmi plusieurs outils proposés pour améliorer la qualité du circuit du PSE, la grille d'auto-évaluation des risques a été jugée utile par plus de 90% des participants. La présente grille d'auto-évaluation a donc été élaborée afin d'accompagner le personnel pharmaceutique dans le management du circuit des produits de santé expérimentaux (PSE), garantir la sécurité des patients, protéger l'intégrité des données d'étude, tout en maintenant la conformité réglementaire. L'objectif secondaire est de favoriser la normalisation des processus de gestion des PSE. Si cette normalisation est particulièrement importante pour les établissements avec une forte activité de gestion d’essais cliniques, elle peut aussi donner une orientation à ceux qui sont moins familiers avec le circuit des PSE. Seuls les aspects spécifiques au circuit des PSE sont abordés dans cette grille. Elle porte uniquement sur la gestion des EC en investigation (hors processus de promotion) et n'inclut pas de critères sur les cas particuliers des essais cliniques de promotion interne et des médicaments de thérapie innovante.
B8: Cet outil a été conçu par les professionnels et pour les professionnels. Il n'a en aucun cas vocation à être utilisé à des fins de contrôle par des autorités de santé.
B10: Mode d'emploi
B12: Cet outil s'adresse au secteur essais cliniques de la PUI.
B13: Vous pouvez compléter cette auto-évaluation en plusieurs fois si vous le souhaitez. Comptez 1h à 3h pour compléter entièrement la grille.
B15: Pour commencer l'auto-évaluation, cliquez sur l'onglet "Grille"
B16: La grille est constituée d'un ensemble de critères représentant les principaux processus de la gestion pharmaceutique des essais cliniques.
B18: Passer le pointeur sur les critères marqués d'un coin rouge pour consulter l'aide :
B24: La plupart des critères sont associés à des éléments de preuve qui doivent être pris en compte dans l'évaluation.
... B63: Références
A64: - | B64: Décision du 24 novembre 2006 fixant les règles de bonnes pratiques cliniques pour les recherches biomédicales portant sur des médicaments à usage humain.
A65: - | B65: Guide professionnel - Activités pharmaceutiques relatives aux essais cliniques de médicaments et de dispositifs médicaux réalisés au sein des établissements de santé. Sous l’égide de la Commission des Pharmaciens de CHU, avec le partenariat de la Société Française de Pharmacie Clinique. 2020;
A66: - | B66: Guérin A, Tanguay C, Lebel D, Bussières J-F. Création d’une grille d’autoévaluation du soutien pharmaceutique aux essais cliniques. Can J Hosp Pharm. 2012;65(6):450‑7.
A67: - | B67: Manuel d’auto-évaluation de Pharmacie hospitalière. Société Française de Pharmacie Clinique. 1998;
B69: Ce travail a été mené dans le cadre d'une thèse d'interne en pharmacie, présentée par Elodie DELAVOIPIÈRE et dirigée par Antoine ALIX (2020) Titre : "Management du circuit des produits de santé expérimentaux dans les pharmacies hospitalières : état des lieux au niveau national et proposition d’outils standardisés" Disponible dans la boîte à outils "Essais cliniques" de l'OMéDIT : cliquez ici.

Sheet Valid données
A1: Oui
A2: En grande partie
A3: Partiellement
A4: Non
A5: Non applicable

Sheet Grille
B4: Grille d'auto-évaluation de la gestion pharmaceutique des essais cliniques
B6: Critères | D6: Oui/ En grande partie/ Partiellement/ Non/ +/- Non applicable | F6: Eléments de preuve | H6: Commentaires
B8: I. | C8: Organisation générale et fonctions supports
B10: A. | C10: Organisation générale
A11: =IF(D11<>"Non applicable",1,0) -> 1 | B11: 1 | C11: Les essais cliniques déclarés dans l’établissement de santé et incluant des produits de santé sont gérés par la PUI (gestion, approvisionnement, préparation si applicable, contrôle, détention, dispensation). | E11: =IF(OR(D11="",D11="Non"),0,IF(D11="Oui",1,IF(D11="Partiellement",0.33,IF(D11="En grande partie",0.67,"")))) -> 0 | F11: Lettres de déclarations d'intention d'essais adressées au pharmacien (Article R1123-70 du CSP - Obligation du promoteur d'infomer la PUI) | H11: Si "non" à la question 1 : Cette grille d'auto-évaluation ne s'applique pas à une PUI qui ne gère aucun EC incluant des produits de santé. Réglementation : En cas d'EC menés dans un établissement de santé, le pharmacien hospitalier est chargé, selon le CSP (art. L5126-5), d’assurer la gestion, l’approvisionnement, la préparation, le contrôle, la détention, la dispensation des PSE, et d’en assurer la qualité. Le pharmacien hospitalier peut être amené à réaliser les préparations rendues nécessaires par l’essai. Sources utiles : Guide professionnel de la CPCHU. La présente grille peut également aider à mettre en place les activités de gestion pharmaceutique des EC
A12: =IF(D12<>"Non applicable",1,0) -> 1 | B12: 2 | C12: Une procédure dégradée en cas de panne des enceintes de stockage à température contrôlée (température ambiante, enceintes réfrigérées, congélateurs) est disponible, mise à jour et appliquée | E12: =IF(OR(D12="",D12="Non"),0,IF(D12="Oui",1,IF(D12="Partiellement",0.33,IF(D12="En grande partie",0.67,"")))) -> 0 | F12: - Procédure dégradée qui mentionne la personne à contacter, le délai pour entamer les procédures, les procédures à suivre (ex : procédure spécifique aux EC ou procédure générale de la PUI avec un chapitre dédié aux EC) - Document de traçabilité du recours à cette procédure dégradée et des actions posées (description de l’incident, personne impliquée, date, corrections, statut)
B14: B. | C14: Ressources humaines
A15: =IF(D15<>"Non applicable",1,0) -> 1 | B15: 3 | C15: Un pharmacien est désigné comme responsable des EC au sein de la PUI et ses responsabilités/ missions sont définies. | E15: =IF(OR(D15="",D15="Non"),0,IF(D15="Oui",1,IF(D15="Partiellement",0.33,IF(D15="En grande partie",0.67,"")))) -> 0 | F15: Fiche de poste, CV et attestations de formation (BPC 2006, ICH 2015 E6R2, formation spécifique à chaque essai)
A16: =IF(D16<>"Non applicable",1,0) -> 1 | B16: 4 | C16: Les tâches/ opérations accomplies par chaque agent intervenant dans les EC à la PUI (excluant le pharmacien responsable) sont définies. | E16: =IF(OR(D16="",D16="Non"),0,IF(D16="Oui",1,IF(D16="Partiellement",0.33,IF(D16="En grande partie",0.67,"")))) -> 0 | F16: - Document mentionnant les tâches accomplies par chaque agent (ex : feuille de délégation interne des tâches complétée et signée par chaque agent) - Fiches de poste ou de mission pour chaque agent
A17: =IF(D17<>"Non applicable",1,0) -> 1 | B17: 5 | C17: Le personnel pharmaceutique intervenant dans les EC reçoit une formation générale initiale et continue (connaissance des BPC, notion de confidentialité, organisation interne du secteur des EC) et spécifique pour chaque EC. | E17: =IF(OR(D17="",D17="Non"),0,IF(D17="Oui",1,IF(D17="Partiellement",0.33,IF(D17="En grande partie",0.67,"")))) -> 0 | F17: - Plan de formation (avec périodicité de la formation continue) et support(s) de formation générale (ex : livret d'accueil du nouvel arrivant) et spécifique pour chaque EC (ex : fiche synthèse ou résumé décrite en critère 15) - Attestation de formation (sujet, date, paraphe) de chaque agent par le pharmacien responsable (ex : intégration à la feuille de délégation interne des tâches, attestation de lecture de la fiche synthèse ou résumé pour chaque EC)
A18: =IF(D18<>"Non applicable",1,0) -> 1 | B18: 6 | C18: Le personnel pharmaceutique intervenant dans les EC est évalué et habilité au terme de la formation. | E18: =IF(OR(D18="",D18="Non"),0,IF(D18="Oui",1,IF(D18="Partiellement",0.33,IF(D18="En grande partie",0.67,"")))) -> 0 | F18: Attestation d'habilitation (sujet, date, paraphe) de chaque agent par le pharmacien responsable (ex : intégration à la feuille de délégation des tâches) datant de moins de 2 ans (ou périodicité définie dans le plan de formation) et adaptée pour chaque statut (selon fiches de poste)
A19: =IF(D19<>"Non applicable",1,0) -> 1 | B19: 7 | C19: Le pharmacien responsable des EC définit sa politique de formation, en cohérence avec celle de la PUI et de l’établissement, et rédige un plan pluriannuel de formation avec suivi des formations des personnels du secteur. | E19: =IF(OR(D19="",D19="Non"),0,IF(D19="Oui",1,IF(D19="Partiellement",0.33,IF(D19="En grande partie",0.67,"")))) -> 0 | F19: - Politique de formation adaptée pour chaque statut (selon fiches de poste) - Plan pluriannuel de formation avec suivi des formations des agents
B21: C. | C21: Ressources matérielles
A22: =IF(D22<>"Non applicable",1,0) -> 1 | B22: 8 | C22: L’accès aux PSE et à la documentation (classeurs des EC, armoires, sites Internet de gestion d'EC, répertoire informatique) est sécurisé et restreint au personnel autorisé. | E22: =IF(OR(D22="",D22="Non"),0,IF(D22="Oui",1,IF(D22="Partiellement",0.33,IF(D22="En grande partie",0.67,"")))) -> 0 | F22: - Règles d'accès aux locaux et aux documents (ex : clés, badges, identifiants et mots de passe) - Liste des personnels autorisés (professionnels de santé et promoteurs), avec dates de début et de fin
A23: =IF(D23<>"Non applicable",1,0) -> 1 | B23: 9 | C23: Les PSE sont stockés dans une zone dédiée (séparée du stock classique des médicaments référencés à la PUI). | E23: =IF(OR(D23="",D23="Non"),0,IF(D23="Oui",1,IF(D23="Partiellement",0.33,IF(D23="En grande partie",0.67,"")))) -> 0 | F23: Plan de la PUI matérialisant les zones dédiées aux EC
A24: =IF(D24<>"Non applicable",1,0) -> 1 | B24: 10 | C24: La maintenance des enceintes de stockage (température ambiante, enceintes réfrigérées, congélateurs/ surgélateurs), du système de ventilation et de climatisation, de l’équipement d'enregistrement de température est réalisée aux intervalles requis par le fabriquant. | E24: =IF(OR(D24="",D24="Non"),0,IF(D24="Oui",1,IF(D24="Partiellement",0.33,IF(D24="En grande partie",0.67,"")))) -> 0 | F24: Document de traçabilité des opérations de maintenance (date, heure, identité de l'opérateur, tâche)
B26: D. | C26: Système d'informations et gestion documentaire
A27: =IF(D27<>"Non applicable",1,0) -> 1 | B27: 11 | C27: Le circuit des PSE est informatisé. | E27: =IF(OR(D27="",D27="Non"),0,IF(D27="Oui",1,IF(D27="Partiellement",0.33,IF(D27="En grande partie",0.67,"")))) -> 0 | F27: Logiciel de gestion pharmaceutique des essais cliniques
A28: =IF(D28<>"Non applicable",1,0) -> 1 | B28: 12 | C28: Des Procédures Opératoires Standardisées (POS) générales décrivent les modalités d'organisation des opérations de gestion pharmaceutique des EC. | E28: =IF(OR(D28="",D28="Non"),0,IF(D28="Oui",1,IF(D28="Partiellement",0.33,IF(D28="En grande partie",0.67,"")))) -> 0 | F28: - Procédures conformes (date de publication et de mise à jour, nom et signature des personnes compétentes l'ayant rédigé, validé et approuvé) décrivant l'ensemble des processus de réalisation de la gestion pharmaceutique des EC : initiation d'un EC, approvisionnement, réception, stockage, dispensation (y compris en garde si applicable), préparation, retours, destruction, clôture et archivage - Liste des procédures applicables (titre, dates de mises à jour, auteurs)
A29: =IF(D29<>"Non applicable",1,0) -> 1 | B29: 13 | C29: Une liste des EC en cours est disponible et mise à jour. | E29: =IF(OR(D29="",D29="Non"),0,IF(D29="Oui",1,IF(D29="Partiellement",0.33,IF(D29="En grande partie",0.67,"")))) -> 0 | F29: Liste des EC en cours et historique des listes (ex : tableur / extraction d'un logiciel)
A30: =IF(D30<>"Non applicable",1,0) -> 1 | B30: 14 | C30: Toute documentation concernant un EC fait l'objet d'un classement, avec constitution d'un dossier individuel par essai. | E30: =IF(OR(D30="",D30="Non"),0,IF(D30="Oui",1,IF(D30="Partiellement",0.33,IF(D30="En grande partie",0.67,"")))) -> 0 | F30: Classeur pharmacie (ou dossier pharmaceutique) pour chaque EC
A31: =IF(D31<>"Non applicable",1,0) -> 1 | B31: 15 | C31: Des documents élaborés pour chaque EC décrivent les spécificités des modalités organisationnelles et de gestion des PSE dans cet EC (ex: fiche synthèse ou résumé) | E31: =IF(OR(D31="",D31="Non"),0,IF(D31="Oui",1,IF(D31="Partiellement",0.33,IF(D31="En grande partie",0.67,"")))) -> 0 | F31: Documents spécifiques pour chaque EC, comprenant, par exemple, les informations suivantes : dénomination du PSE, forme, dosage, posologie, voie d’administration, indication, effets indésirables, interactions, contre-indications, modalités d'approvisionnement et de réception, de conservation, de préparation, de dispensation, d’administration, de destruction, instructions en cas de saut de prise, n° d'identification du protocole, version du protocole, coordonnées de l’investigateur, du promoteur
B33: E. | C33: Communication et confidentialité
A34: =IF(D34<>"Non applicable",1,0) -> 1 | B34: 16 | C34: La documentation des communications (courriels, appels téléphoniques importants, rencontres) est disponible, mise à jour et archivée. | E34: =IF(OR(D34="",D34="Non"),0,IF(D34="Oui",1,IF(D34="Partiellement",0.33,IF(D34="En grande partie",0.67,"")))) -> 0 | F34: Documents de traçabilité ou comptes-rendus des communications classés et archivés (impression, sauvegarde électronique)
A35: =IF(D35<>"Non applicable",1,0) -> 1 | B35: 17 | C35: Le respect de la confidentialité des données est organisé (anonymisation, restriction des conversations dans les lieux publics). | E35: =IF(OR(D35="",D35="Non"),0,IF(D35="Oui",1,IF(D35="Partiellement",0.33,IF(D35="En grande partie",0.67,"")))) -> 0 | F35: Documents anonymisés transmis par la PUI au promoteur (courriers, fax, mails)
A36: =IF(D36<>"Non applicable",1,0) -> 1 | B36: 18 | C36: La liste des personnels responsables de chaque EC et leurs coordonnées sont disponibles et mises à jour. | E36: =IF(OR(D36="",D36="Non"),0,IF(D36="Oui",1,IF(D36="Partiellement",0.33,IF(D36="En grande partie",0.67,"")))) -> 0 | F36: Liste des personnels responsables de chaque EC (ex : médecins investigateurs, attachés de recherche clinique promoteurs et investigateurs, personnes responsables de garde), avec les prénoms, noms et coordonnées de chacun (ex : n° de téléphone, bip, courriel) (ex : liste intégrée à la fiche synthèse ou résumé de chaque EC)
A37: =IF(D37<>"Non applicable",1,0) -> 1 | B37: 19 | C37: Les interfaces nécessaires avec la Direction de la Recherche Clinique et de l'Innovation (DRCI), quand elle existe, sont définies. | E37: =IF(OR(D37="",D37="Non"),0,IF(D37="Oui",1,IF(D37="Partiellement",0.33,IF(D37="En grande partie",0.67,"")))) -> 0 | F37: Conventions hospitalières ou contrat de fonctionnement inter-service définissant les rôles de chacun et le périmètre de la coopération du pharmacien pour chaque activité
B39: II. | C39: Gestion pharmaceutique des essais cliniques
B41: A. | C41: Initiation de l'essai clinique
A42: =IF(D42<>"Non applicable",1,0) -> 1 | B42: 20 | C42: La PUI est associée aux visites de sélection et de mise en place des EC gérés par la PUI au sein de l'établissement de santé. | E42: =IF(OR(D42="",D42="Non"),0,IF(D42="Oui",1,IF(D42="Partiellement",0.33,IF(D42="En grande partie",0.67,"")))) -> 0 | F42: Documents de traçabilité d'organisation (entre le promoteur et la PUI) ou comptes-rendus des visites de sélection et de mise en place
A43: =IF(D43<>"Non applicable",1,0) -> 1 | B43: 21 | C43: Avant la signature de la convention hospitalière, le pharmacien évalue la faisabilité de l'EC (locaux, matériel, personnel), valide les termes de la convention hospitalière et de la grille des surcoûts pour la partie pharmacie. | E43: =IF(OR(D43="",D43="Non"),0,IF(D43="Oui",1,IF(D43="Partiellement",0.33,IF(D43="En grande partie",0.67,"")))) -> 0 | F43: - Procédure ou check-list d'analyse de la faisabilité (documents nécessaires transmis par le promoteur, éventuelle expertise des secteurs pharmacotechnie et contrôle, évaluation de la capacité de respecter la répartition aléatoire et le maintien de l’insu, de la capacité de préparation et de stockage, évaluation du financement et du temps requis pour les services pharmaceutiques, nécessité d’une garde pharmaceutique), de la convention hospitalière et de la grille des surcoûts - Documents de traçabilité des analyses de faisabilité communiquées au promoteur et à l'investigateur
A44: =IF(D44<>"Non applicable",1,0) -> 1 | B44: 22 | C44: Un mode opératoire ou une grille de renseignements (check-list) est utilisée lors de la mise en place pour recueillir toute l'information nécessaire à la gestion pharmaceutique de l'EC. | E44: =IF(OR(D44="",D44="Non"),0,IF(D44="Oui",1,IF(D44="Partiellement",0.33,IF(D44="En grande partie",0.67,"")))) -> 0 | F44: Mode opératoire ou grille de renseignement (check-list) de mise en place, couvrant l’ensemble des étapes du circuit des PSE
A45: =IF(D45<>"Non applicable",1,0) -> 1 | B45: 23 | C45: Le pharmacien informe le promoteur des modalités opératoires qu'il prévoit de mettre en place pour la gestion des PSE. | E45: =IF(OR(D45="",D45="Non"),0,IF(D45="Oui",1,IF(D45="Partiellement",0.33,IF(D45="En grande partie",0.67,"")))) -> 0 | F45: Courriers, courriels ou support d'information au promoteur (ex : plaquette d’informations) listant les prestations, organisations, activités pharmaceutiques locales liées aux EC (éléments de preuves non indispensables si le promoteur se déplace à la PUI lors de la visite de sélection)
B47: B. | C47: Traçabilité et comptabilité
A48: =IF(D48<>"Non applicable",1,0) -> 1 | B48: 24 | C48: La traçabilité des PSE est réalisée à chaque étape du circuit pharmaceutique des EC, de la réception jusqu'à la réconciliation finale. | E48: =IF(OR(D48="",D48="Non"),0,IF(D48="Oui",1,IF(D48="Partiellement",0.33,IF(D48="En grande partie",0.67,"")))) -> 0 | F48: Supports (internes ou du promoteur, papier et/ou informatique) de comptabilité globale et/ou nominative (par patient), permettant la traçabilité des renseignements nécessaires (identité patient, date, identité de l’opérateur, quantité, produit, n° de lot, n° de traitement, date de péremption) à chacune de ces étapes : réception / préparation / dispensation / mise en dotation / retour / devenir du retour ou du produit non dispensé (destruction sur site ou retour au promoteur)
B50: C. | C50: Approvisionnement, réception et stockage
A51: =IF(D51<>"Non applicable",1,0) -> 1 | B51: 25 | C51: Les modalités d’approvisionnement des PSE sont définies par une procédure spécifique pour chaque EC, conformément aux exigences requises par le promoteur pour chaque EC et aux capacités de stockage et d’équipement de la PUI. | E51: =IF(OR(D51="",D51="Non"),0,IF(D51="Oui",1,IF(D51="Partiellement",0.33,IF(D51="En grande partie",0.67,"")))) -> 0 | F51: Procédure spécifique pour chaque EC (ex : fiche synthèse ou résumé) décrivant les modalités d'approvisionnement, par exemple : niveau des stocks à conserver, personne désignée, méthode de commande, adresse de livraison, délai de réception, coordonnées du contact promoteur
A52: =IF(D52<>"Non applicable",1,0) -> 1 | B52: 26 | C52: La réception des PSE fait l'objet d'une POS générale, d'une procédure spécifique pour chaque EC et d'une traçabilité systématique dans le dossier de chaque EC, conformément aux exigences requises par le promoteur pour chaque EC et aux capacités de stockage et d’équipement de la PUI. | E52: =IF(OR(D52="",D52="Non"),0,IF(D52="Oui",1,IF(D52="Partiellement",0.33,IF(D52="En grande partie",0.67,"")))) -> 0 | F52: - POS décrivant les modalités de réception, par exemple : transport interne si multi-site, ouverture du colis, contrôle des unités thérapeutiques (conformité par rapport au bon de commande/ livraison, étiquetage conforme à l'arrêté du 24 mai 2006, certificats d'analyse/ de libération de lots, intégrité, respect des conditions de conservation lors du transport), rangement des PSE, traçabilité de l'entrée en stock, confirmation de réception au promoteur, archivage des documents, retour éventuel de l'emballage vide, conduite à tenir en cas de non-conformité - Procédure spécifique pour chaque EC (ex : fiche synthèse ou résumé) décrivant les modalités de réception - Supports (papier et/ou informatique) de comptabilité permettant la traçabilité de l'entrée en stock : date de réception, quantité, produit, n° de lot, n° de traitement, date de péremption, identité de l'opérateur
A53: =IF(D53<>"Non applicable",1,0) -> 1 | B53: 27 | C53: Les modalités de stockage des PSE sont définies par une POS générale et par une procédure spécifique pour chaque EC, conformément aux exigences requises par le promoteur pour chaque EC et aux capacités de stockage et d’équipement de la PUI, selon une organisation permettant d'identifier et de séparer les produits en différentes zones : PSE d'EC ouverts actifs (avec identification de chaque essai et des PSE associés), PSE en quarantaine, PSE retournés par les patients ou utilisés. | E53: =IF(OR(D53="",D53="Non"),0,IF(D53="Oui",1,IF(D53="Partiellement",0.33,IF(D53="En grande partie",0.67,"")))) -> 0 | F53: - POS décrivant les modalités de stockage - Procédure spécifique pour chaque EC (ex : fiche synthèse ou résumé) décrivant les modalités de stockage - Etiquettes identifiant chaque zone et chaque EC (éventuel code couleur)
A54: =IF(D54<>"Non applicable",1,0) -> 1 | B54: 28 | C54: Un système de mesure de la température des zones de stockage est utilisé (relevé journalier a minima) et calibré selon les normes en vigueur. | E54: =IF(OR(D54="",D54="Non"),0,IF(D54="Oui",1,IF(D54="Partiellement",0.33,IF(D54="En grande partie",0.67,"")))) -> 0 | F54: - POS décrivant le suivi, l'enregistrement des températures et la gestion des excursions de température - Documents de traçabilité des températures, comprenant au moins une mesure/un relevé par jour (date, valeurs de température, localisation des systèmes de mesure) - Notifications d'excursions de température - Constats de vérification annuels fournis par un laboratoire de métrologie accrédité COFRAC - Système d'enregistrement en continu bénéficiant d'une alarme dont le report permet la gestion de toute excursion de température, y compris en dehors des horaires ouvrables de la PUI
A55: =IF(D55<>"Non applicable",1,0) -> 1 | B55: 29 | C55: Les modalités d'inventaire et de contrôle des dates de péremption des PSE sont définies. | E55: =IF(OR(D55="",D55="Non"),0,IF(D55="Oui",1,IF(D55="Partiellement",0.33,IF(D55="En grande partie",0.67,"")))) -> 0 | F55: POS décrivant les modalités d'inventaire et de contrôle des dates de péremption (incluant les alertes logiciel en cas d'informatisation du circuit)
B57: D. | C57: Prescription et dispensation
A58: =IF(D58<>"Non applicable",1,0) -> 1 | B58: 30 | C58: Pour les EC dont la PUI pré-rédige les ordonnances (papiers ou informatisées - ex : protocoles de chimiothérapies) - celles-ci sont validées par l'investigateur et comportent les mentions réglementaires de l’article R5132-3 du CSP ainsi que les informations requises par le protocole de l'EC. | E58: =IF(OR(D58="",D58="Non"),0,IF(D58="Oui",1,IF(D58="Partiellement",0.33,IF(D58="En grande partie",0.67,"")))) -> 0 | F58: - Modèles d'ordonnances pré-rédigées et/ou ordonnances/protocoles informatisés comportant les mentions réglementaires de l’article R5132-3 du CSP ainsi que les informations requises par le protocole de l'EC (a minima nom de l’EC, n° d’inclusion, n° de cycle/de visite, n° de traitement le cas échéant, bras de traitement le cas échéant, réductions de doses le cas échéant) - En cas de prescription sur un logiciel d'aide à la prescription (ex : protocoles de chimiothérapies) : document décrivant les modalités de saisie et de validation d'un protocole (ex : guide utilisateur du logiciel / procédure / check-list)
A59: =IF(D59<>"Non applicable",1,0) -> 1 | B59: 31 | C59: Les prescripteurs autorisés sont identifiés pour chaque EC. | E59: =IF(OR(D59="",D59="Non"),0,IF(D59="Oui",1,IF(D59="Partiellement",0.33,IF(D59="En grande partie",0.67,"")))) -> 0 | F59: Liste des prescripteurs autorisés par EC (ex: intégration à la fiche synthèse ou résumé)
A60: =IF(D60<>"Non applicable",1,0) -> 1 | B60: 32 | C60: La dispensation des PSE fait l'objet d'une POS générale et d'une traçabilité systématique dans le dossier de chaque EC (heures ouvrables, et non ouvrables si applicable) | E60: =IF(OR(D60="",D60="Non"),0,IF(D60="Oui",1,IF(D60="Partiellement",0.33,IF(D60="En grande partie",0.67,"")))) -> 0 | F60: - POS décrivant les modalités de dispensation : vérifications minimales sur l'ordonnance et sur les traitements, consultation des spécificités de l'EC (fiche synthèse ou résumé) et analyse pharmaceutique - Ordonnances et supports (papier et/ou informatique) de comptabilité permettant la traçabilité de la dispensation : date, identité de l'opérateur, quantité, produit, n° de lot, n° de traitement, date de péremption
A61: =IF(D61<>"Non applicable",1,0) -> 1 | B61: 33 | C61: L'acte de dispensation fait l'objet d'un double-contrôle indépendant immédiat, lui-même tracé. | E61: =IF(OR(D61="",D61="Non"),0,IF(D61="Oui",1,IF(D61="Partiellement",0.33,IF(D61="En grande partie",0.67,"")))) -> 0 | F61: - POS décrivant les modalités de dispensation (critère 32) intégrant les modalités de double-contrôle indépendant immédiat - Ordonnances et/ou supports (papier et/ou informatique) de comptabilité permettant la traçabilité de ce double-contrôle avec identité de l'opérateur
A62: =IF(D62<>"Non applicable",1,0) -> 1 | B62: 34 | C62: La dispensation à délivrance nominative est privilégiée par rapport à la mise en dotation dans les services de soins, sauf lorsque c'est impossible dans les conditions requises par le protocole (ex : traitements d’urgence ou inclusions pouvant survenir à tout moment : nuits et week-ends) | E62: =IF(OR(D62="",D62="Non"),0,IF(D62="Oui",1,IF(D62="Partiellement",0.33,IF(D62="En grande partie",0.67,"")))) -> 0 | F62: Par exemple : grille de renseignement (ou check-list) à compléter par la PUI lors de la mise en place, permettant de détecter les conditions particulières justifiant le choix de mise en dotation dans les services plutôt que la délivrance nominative
A63: =IF(D63<>"Non applicable",1,0) -> 1 | B63: 35 | C63: En cas de mise en dotation dans le service, les modalités de renouvellement de la dotation sont définies en accord avec l'investigateur. | E63: =IF(OR(D63="",D63="Non"),0,IF(D63="Oui",1,IF(D63="Partiellement",0.33,IF(D63="En grande partie",0.67,"")))) -> 0 | F63: Procédure spécifique de mise en dotation pour chaque EC concerné (ex : fiche synthèse ou résumé)
A64: =IF(D64<>"Non applicable",1,0) -> 1 | B64: 36 | C64: En cas de mise en dotation dans le service, le pharmacien valide l’emplacement et les conditions de température de stockage associées dans le service et il y accède facilement pour vérification du stock, reprise de périmés, etc. | E64: =IF(OR(D64="",D64="Non"),0,IF(D64="Oui",1,IF(D64="Partiellement",0.33,IF(D64="En grande partie",0.67,"")))) -> 0 | F64: Procédure de stockage des PSE dans les services de soins
A65: =IF(D65<>"Non applicable",1,0) -> 1 | B65: 37 | C65: En cas de remise du traitement aux patients par la PUI, des conseils pharmaceutiques sont délivrés, qui sont adaptés au traitement protocolaire, validés par le promoteur et l'investigateur (informations extraites du protocole/ brochure investigateur). | E65: =IF(OR(D65="",D65="Non"),0,IF(D65="Oui",1,IF(D65="Partiellement",0.33,IF(D65="En grande partie",0.67,"")))) -> 0 | F65: Supports d'information/ conseils remis au patient ou donnés à l'oral, pour chaque EC (ex : intégration à l'ordonnance protocolaire), comprenant par exemple : précautions d'emploi, modalités de prises, conduite à tenir en cas d'oubli, effets indésirables, interactions médicamenteuses (traitements concomitants interdits/autorisés selon le protocole)
B67: E. | C67: Préparation des produits expérimentaux
A68: =IF(D68<>"Non applicable",1,0) -> 1 | B68: 38 | C68: L'organisation et les modalités de préparation des médicaments expérimentaux à la PUI sont définies (heures ouvrables, et non ouvrables si applicable). | E68: =IF(OR(D68="",D68="Non"),0,IF(D68="Oui",1,IF(D68="Partiellement",0.33,IF(D68="En grande partie",0.67,"")))) -> 0 | F68: - Autorisation PUI mentionnant l'activité de préparation de médicaments expérimentaux par l'Agence Régionale de Santé - POS de préparation spécifique aux essais cliniques, décrivant l'organisation, les responsabilités du secteur EC ou secteur Production, les locaux, les équipements, le personnel, les modalités de contrôle de conformité (ex : double contrôle visuel, contrôle gravimétrique ou analytique) et de libération pharmaceutique
A69: =IF(D69<>"Non applicable",1,0) -> 1 | B69: 39 | C69: Les modes opératoires de préparation (ou fiches de fabrication) sont élaborés pour chaque EC conformément aux exigences requises par le promoteur. | E69: =IF(OR(D69="",D69="Non"),0,IF(D69="Oui",1,IF(D69="Partiellement",0.33,IF(D69="En grande partie",0.67,"")))) -> 0 | F69: Modes opératoires de préparation (ou fiches de fabrication), informatisés ou non, pour chaque EC concerné
B71: F. | C71: Retours et destruction
A72: =IF(D72<>"Non applicable",1,0) -> 1 | B72: 40 | C72: Les patients ambulatoires sont systématiquement informés de l'obligation de retourner les PSE dispensés à la PUI, ou au service investigateur qui les transmet à la PUI dans les plus brefs délais. | E72: =IF(OR(D72="",D72="Non"),0,IF(D72="Oui",1,IF(D72="Partiellement",0.33,IF(D72="En grande partie",0.67,"")))) -> 0 | F72: Support d'information du patient sur l'obligation de retourner les PSE à la PUI (ex : intégration à l'ordonnance protocolaire, étiquette collée sur chaque conditionnement)
A73: =IF(D73<>"Non applicable",1,0) -> 1 | B73: 41 | C73: Les modalités de gestion des retours sont définies. | E73: =IF(OR(D73="",D73="Non"),0,IF(D73="Oui",1,IF(D73="Partiellement",0.33,IF(D73="En grande partie",0.67,"")))) -> 0 | F73: POS décrivant les modalités de gestion des traitements retournés : comptabilité et analyse de l'observance le cas échéant, traçabilité puis stockage dans la zone dédiée avec identification de l’essai, dans l’attente de la vérification de cette comptabilité lors d’une visite de monitoring
A74: =IF(D74<>"Non applicable",1,0) -> 1 | B74: 42 | C74: Le retour des traitements au promoteur/ dépôt est effectué après autorisation du promoteur, selon les modalités définies dans la POS générale et la procédure spécifique de l'EC. | E74: =IF(OR(D74="",D74="Non"),0,IF(D74="Oui",1,IF(D74="Partiellement",0.33,IF(D74="En grande partie",0.67,"")))) -> 0 | F74: - POS décrivant les modalités de retour au promoteur - Procédure spécifique pour chaque EC (ex : fiche synthèse ou résumé) décrivant les modalités de retour au promoteur - Formulaires de retour, document de traçabilité des enlèvements de colis (registre des dépôts/ enlèvements de colis) comprenant : date, identité de l'opérateur, produit, quantité, lot, péremption, destinataire
A75: =IF(D75<>"Non applicable",1,0) -> 1 | B75: 43 | C75: La mise en destruction des traitements par le site est effectuée après monitoring ou autorisation du promoteur, selon les modalités définies dans la POS et validées lors de la mise en place. | E75: =IF(OR(D75="",D75="Non"),0,IF(D75="Oui",1,IF(D75="Partiellement",0.33,IF(D75="En grande partie",0.67,"")))) -> 0 | F75: - POS décrivant les modalités de destruction des traitements, y compris après préparation magistrale (PSE cytotoxiques ou non) - Documentation (ex : certificat, attestation) de la destruction (document interne et/ou du promoteur) mentionnant : identification de l'EC (promoteur et code), nom du traitement, dosage, quantités restant dans les conditionnements, n° de lot et/ou n° de traitement et/ou n° d'identification du patient, date de péremption, date, raison de la destruction (retours patient, périmés, non conformités, fin d’essai...), identité de l'opérateur (nom, qualité, signature)
B77: G. | C77: Clôture, facturation et archivage
A78: =IF(D78<>"Non applicable",1,0) -> 1 | B78: 44 | C78: L’évaluation des surcoûts intermédiaires (en cours d’étude) et finaux par la PUI est réalisée conformément à la grille prévue dans la convention hospitalière (partie concernant la PUI). | E78: =IF(OR(D78="",D78="Non"),0,IF(D78="Oui",1,IF(D78="Partiellement",0.33,IF(D78="En grande partie",0.67,"")))) -> 0 | F78: - POS décrivant les modalités d'évaluation des surcoûts - Document de traçabilité des surcoûts : périodes de facturation, suivi des envois/réception des états de compte
A79: =IF(D79<>"Non applicable",1,0) -> 1 | B79: 45 | C79: La gestion des visites de clôture fait l'objet d'une POS générale et d'une traçabilité pour chaque EC. | E79: =IF(OR(D79="",D79="Non"),0,IF(D79="Oui",1,IF(D79="Partiellement",0.33,IF(D79="En grande partie",0.67,"")))) -> 0 | F79: - POS décrivant les modalités de clôture des EC - Liste des EC en cours et clôturés (historique des listes), comprenant l'identification du protocole et la date de clôture
A80: =IF(D80<>"Non applicable",1,0) -> 1 | B80: 46 | C80: L'archivage de la documentation de chaque EC fait l'objet d'une POS générale et d'une traçabilité pour chaque EC. | E80: =IF(OR(D80="",D80="Non"),0,IF(D80="Oui",1,IF(D80="Partiellement",0.33,IF(D80="En grande partie",0.67,"")))) -> 0 | F80: - POS décrivant les modalités d'archivage : réception de la lettre de clôture et évaluation des surcoûts finaux comme prérequis / documentation complète rassemblée et indexée pour chaque EC / durées d'archivage conformes à la réglementation / locaux appropriés, définis, sécurisés / mobilisables à tout moment pendant la période d'archivage (audits) - Document de traçabilité des archives, comprenant l'identification du protocole, dates d'archivage et de destruction - Boîtes d'archive étiquetées avec les informations suivantes : titre et/ou code de l'EC, référence interne à l’établissement, nom du promoteur, n° de boîte (traçabilité interne), année d’archivage, année de destruction autorisée (facultatif)
E81: =IF(OR(D81="",D81="Non"),0,IF(D81="Oui",1,IF(D81="Partiellement",0.33,IF(D81="En grande partie",0.67,"")))) -> 0
B82: H. | C82: Gestion de l'aveugle | E82: =IF(OR(D82="",D82="Non"),0,IF(D82="Oui",1,IF(D82="Partiellement",0.33,IF(D82="En grande partie",0.67,"")))) -> 0
A83: =IF(D83<>"Non applicable",1,0) -> 1 | B83: 47 | C83: Les modalités de maintien de l'aveugle sont définies par une POS générale et par une procédure spécifique pour chaque EC concerné, en accord avec le promoteur (étiquetage et apparence des PSE, restriction de la quantité et de l’accessibilité des documents pouvant dévoiler l’aveugle, respect des précautions à chaque dispensation). | E83: =IF(OR(D83="",D83="Non"),0,IF(D83="Oui",1,IF(D83="Partiellement",0.33,IF(D83="En grande partie",0.67,"")))) -> 0 | F83: -POS décrivant les modalités de maitien de l'aveugle à la PUI -Document spécifique pour chaque EC concerné (ex: fiche synthèse ou résumé), décrivant les modalités de maintien de l'aveugle par la PUI
A84: =IF(D84<>"Non applicable",1,0) -> 1 | B84: 48 | C84: Pour les EC où la PUI est autorisée à lever l'aveugle, les règles de levée d’aveugle sont organisées en accord avec le promoteur. | E84: =IF(OR(D84="",D84="Non"),0,IF(D84="Oui",1,IF(D84="Partiellement",0.33,IF(D84="En grande partie",0.67,"")))) -> 0 | F84: Procédure accessible au personnel de garde en cas de réactions indésirables graves, documentation consignant le nom des personnes autorisées à lever l’aveugle
B86: III. | C86: Evaluation et gestion des risques
B88: A. | C88: Evaluation du circuit
A89: =IF(D89<>"Non applicable",1,0) -> 1 | B89: 49 | C89: La gestion des visites de monitoring à la PUI est organisée (prises de rdv et planification, visites sur site, local adéquat, accès à la documentation, accès aux PSE, actions correctives des écarts constatés). | E89: =IF(OR(D89="",D89="Non"),0,IF(D89="Oui",1,IF(D89="Partiellement",0.33,IF(D89="En grande partie",0.67,"")))) -> 0 | F89: - POS de gestion des visites de monitoring - Documents (ex : classeur monitoring, plateforme en ligne) mis à disposition lors des monitorings selon les demandes des ARC promoteurs (ex : traçabilité des températures de conservation, fiche de délégation des tâches, procédures qualité internes relatives à la gestion de EC, certificat BPC, CV) - Comptes-rendus de monitoring archivés dans le dossier de chaque EC
A90: =IF(D90<>"Non applicable",1,0) -> 1 | B90: 50 | C90: Les activités pharmaceutiques relatives aux essais cliniques sont quantifiées et suivies par des indicateurs d'activité. | E90: =IF(OR(D90="",D90="Non"),0,IF(D90="Oui",1,IF(D90="Partiellement",0.33,IF(D90="En grande partie",0.67,"")))) -> 0 | F90: Rapports annuels d’activités avec indicateurs d'activité sur l'année, par exemple : nombre de mises en place, d’EC gérés à la PUI, d’EC actifs (avec au moins une dispensation sur l’année), de réceptions, de dispensations (ou de lignes de dispensations), de préparations stériles et non stériles pour EC, de visites de monitoring, d'audits externes, d'auto-évaluations/audits internes, de clôtures, etc.
A91: =IF(D91<>"Non applicable",1,0) -> 1 | B91: 51 | C91: Une auto-évaluation de l'organisation et de la gestion pharmaceutique des EC est réalisée sur les différentes étapes du circuit des PSE. | E91: =IF(OR(D91="",D91="Non"),0,IF(D91="Oui",1,IF(D91="Partiellement",0.33,IF(D91="En grande partie",0.67,"")))) -> 0 | F91: Rapports d'auto-évaluations, d'audits internes
A92: =IF(D92<>"Non applicable",1,0) -> 1 | B92: 52 | C92: Une hétéro-évaluation de l'organisation et de la gestion pharmaceutique des EC est organisée, sous forme d'enquêtes de satisfaction transmises aux partenaires/clients de la PUI (promoteurs/investigateurs/patients…) | E92: =IF(OR(D92="",D92="Non"),0,IF(D92="Oui",1,IF(D92="Partiellement",0.33,IF(D92="En grande partie",0.67,"")))) -> 0 | F92: Documents de traçabilité des enquêtes de satisfaction complétées par les promoteurs, investigateurs et patients
A93: =IF(D93<>"Non applicable",1,0) -> 1 | B93: 53 | C93: Des indicateurs qualitatifs sont relevés afin d'évaluer et de suivre la qualité de la gestion pharmaceutique des EC. | E93: =IF(OR(D93="",D93="Non"),0,IF(D93="Oui",1,IF(D93="Partiellement",0.33,IF(D93="En grande partie",0.67,"")))) -> 0 | F93: Tableau de suivi / tableau de bord d'indicateurs qualitatifs, par exemple : taux de conformité des réceptions/ préparations/ dispensations, taux d'EC actifs avec dispensation nominative
B95: B. | C95: Gestion des risques a posteriori
A96: =IF(D96<>"Non applicable",1,0) -> 1 | B96: 54 | C96: Les déviations au protocole liées à l’utilisation des PSE (instabilité physicochimique, inobservance, écart de température) sont signalées par écrit au promoteur, lorsque cette responsabilité a été déléguée au pharmacien. | E96: =IF(OR(D96="",D96="Non"),0,IF(D96="Oui",1,IF(D96="Partiellement",0.33,IF(D96="En grande partie",0.67,"")))) -> 0 | F96: Documents de signalement au promoteur des écarts au protocole (ex : Note to file), archivés dans le dossier de chaque EC, mentionnant la date, la raison, les démarches
A97: =IF(D97<>"Non applicable",1,0) -> 1 | B97: 55 | C97: Tout PSE non conforme fait l’objet d’une information au promoteur et d’une mise en quarantaine dans l'attente de la décision du promoteur quant aux actions à mettre en œuvre. | E97: =IF(OR(D97="",D97="Non"),0,IF(D97="Oui",1,IF(D97="Partiellement",0.33,IF(D97="En grande partie",0.67,"")))) -> 0 | F97: Documents de traçabilité (papier et/ou informatique) des mises en quarantaine et des communications relatives aux PSE non conformes, archivés dans le dossier de chaque EC
A98: =IF(D98<>"Non applicable",1,0) -> 1 | B98: 56 | C98: Toute non-conformité sur le circuit du PSE est déclarée et tracée en interne. | E98: =IF(OR(D98="",D98="Non"),0,IF(D98="Oui",1,IF(D98="Partiellement",0.33,IF(D98="En grande partie",0.67,"")))) -> 0 | F98: Support interne de traçabilité des déclarations de non-conformités
A99: =IF(D99<>"Non applicable",1,0) -> 1 | B99: 57 | C99: Un retour d’expérience sur le circuit des PSE en cas de non-conformité est organisé avec participation du secteur EC de la PUI. Cette organisation : - priorise les déclarations internes à analyser - procède par toute méthodologie à l’analyse collective et interdisciplinaire des causes - propose, pour chaque déclaration analysée, des actions d’amélioration - procède à la mise en place de ces actions et à leur suivi (évaluation de leur efficacité) - communique sur ce retour d’expérience auprès des acteurs concernés | E99: =IF(OR(D99="",D99="Non"),0,IF(D99="Oui",1,IF(D99="Partiellement",0.33,IF(D99="En grande partie",0.67,"")))) -> 0 | F99: - Comptes-rendus des retours d'expériences, comprenant : description et analyse de la non-conformité, décision des actions d'amélioration et des modalités de suivi - Supports de communication en lien avec l’analyse et les actions d’amélioration
B101: C. | C101: Gestion des risques a priori
A102: =IF(D102<>"Non applicable",1,0) -> 1 | B102: 58 | C102: Une étude des risques a priori sur la gestion pharmaceutique des EC est réalisée puis réévaluée périodiquement, de façon collective et interdisciplinaire. | E102: =IF(OR(D102="",D102="Non"),0,IF(D102="Oui",1,IF(D102="Partiellement",0.33,IF(D102="En grande partie",0.67,"")))) -> 0 | F102: Etude des risques (ex : cartographie des risques) précisant la date de mise en œuvre et de réévaluation
A103: =IF(D103<>"Non applicable",1,0) -> 1 | B103: 59 | C103: L'étude des risques a priori conduit à la proposition d'actions d'amélioration et de modalités de suivi de ces actions. | E103: =IF(OR(D103="",D103="Non"),0,IF(D103="Oui",1,IF(D103="Partiellement",0.33,IF(D103="En grande partie",0.67,"")))) -> 0 | F103: Plan d'actions et de suivi de l'étude des risques
B105: D. | C105: Actions d'amélioration
A106: =IF(D106<>"Non applicable",1,0) -> 1 | B106: 60 | C106: Il existe un plan d'actions sur le circuit des PSE, qui intègre les actions issues des retours d'expérience, des évaluations internes (études de risque a priori, audits internes) et externes (inspections, audits externes, enquêtes de satisfaction) | E106: =IF(OR(D106="",D106="Non"),0,IF(D106="Oui",1,IF(D106="Partiellement",0.33,IF(D106="En grande partie",0.67,"")))) -> 0 | F106: - Plan d'actions mentionnant l'origine de chaque action (retours d'expérience, évaluations internes ou externes) - Rapports d’audits externes, d'inspections
A107: =IF(D107<>"Non applicable",1,0) -> 1 | B107: 61 | C107: Le plan d'actions précise, pour chaque action, les responsabilités, le calendrier et les modalités de suivi au moyen notamment d'indicateurs. | E107: =IF(OR(D107="",D107="Non"),0,IF(D107="Oui",1,IF(D107="Partiellement",0.33,IF(D107="En grande partie",0.67,"")))) -> 0 | F107: Plan d'actions mentionnant, pour chaque action, les responsabilités, le calendrier et les modalités de suivi au moyen notamment d'indicateurs
A108: =IF(D108<>"Non applicable",1,0) -> 1 | B108: 62 | C108: Le plan d'actions est actualisé à périodicité définie. | E108: =IF(OR(D108="",D108="Non"),0,IF(D108="Oui",1,IF(D108="Partiellement",0.33,IF(D108="En grande partie",0.67,"")))) -> 0 | F108: - Plan d'actions mentionnant les dates de la dernière version et de la prochaine actualisation prévue - Périodicité des actualisations : au moins tous les 2 ans

Sheet Synthèse
B2: Grille d'auto-évaluation de la gestion pharmaceutique des essais cliniques
B4: >> Pourcentage de conformité globale : | D4: =D43 -> 0
B6: Date :
B8: Nom de l'établissement :
B11: Diagramme Radar avec niveau de conformité pour chaque partie : | E11: Zone 4 | F11: Zone 3 | G11: Zone 2 | H11: Zone 1
B12: Organisation générale, RH et matériel | D12: =SUM(Grille!E11:E24)/SUM(Grille!A11:A24) -> 0 | E12: 1 | F12: 0.9 | G12: 0.6 | H12: 0.3
B13: Gestion documentaire, communication et confidentialité | D13: =SUM(Grille!E27:E37)/SUM(Grille!A27:A37) -> 0 | E13: 1 | F13: 0.9 | G13: 0.6 | H13: 0.3
B14: Initiation de l'EC, traçabilité, approvisionnement, réception et stockage | D14: =SUM(Grille!E42:E55)/SUM(Grille!A42:A55) -> 0 | E14: 1 | F14: 0.9 | G14: 0.6 | H14: 0.3
B15: Prescription, dispensation et préparation | D15: =SUM(Grille!E58:E69)/SUM(Grille!A58:A69) -> 0 | E15: 1 | F15: 0.9 | G15: 0.6 | H15: 0.3
B16: Retours, destruction, clôture, gestion de l'aveugle | D16: =SUM(Grille!E72:E84)/SUM(Grille!A72:A84) -> 0 | E16: 1 | F16: 0.9 | G16: 0.6 | H16: 0.3
B17: Evaluation et gestion des risques | D17: =SUM(Grille!E89:E108)/SUM(Grille!A89:A108) -> 0 | E17: 1 | F17: 0.9 | G17: 0.6 | H17: 0.3
D19: Niveau de conformité
A20: I. | B20: Organisation générale et fonctions supports | D20: =SUM(Grille!E11:E37)/SUM(Grille!A11:A37) -> 0
A21: A. | B21: Organisation générale | D21: =(COUNTIF(Grille!$D$11:$D$12,"oui")+COUNTIF(Grille!$D$11:$D$12,"En grande partie")*0.67+COUNTIF(Grille!$D$11:$D$12,"partiellement")*0.33)/SUM(Grille!A11:A12) -> 0
A22: B. | B22: Ressources humaines | D22: =(COUNTIF(Grille!$D$15:$D$19,"oui")+COUNTIF(Grille!$D$15:$D$19,"En grande partie")*0.67+COUNTIF(Grille!$D$15:$D$19,"partiellement")*0.33)/SUM(Grille!A15:A19) -> 0
A23: C. | B23: Ressources matérielles | D23: =(COUNTIF(Grille!$D$22:$D$24,"oui")+COUNTIF(Grille!$D$22:$D$24,"En grande partie")*0.67+COUNTIF(Grille!$D$22:$D$24,"partiellement")*0.33)/SUM(Grille!A22:A24) -> 0
A24: D. | B24: Système d'informations et gestion documentaire | D24: =(COUNTIF(Grille!$D$27:$D$31,"oui")+COUNTIF(Grille!$D$27:$D$31,"En grande partie")*0.67+COUNTIF(Grille!$D$27:$D$31,"partiellement")*0.33)/SUM(Grille!A27:A31) -> 0
A25: E. | B25: Communication et confidentialité | D25: =(COUNTIF(Grille!$D$34:$D$37,"oui")+COUNTIF(Grille!$D$34:$D$37,"En grande partie")*0.67+COUNTIF(Grille!$D$34:$D$37,"partiellement")*0.33)/SUM(Grille!A34:A37) -> 0
A27: II. | B27: Gestion pharmaceutique des essais cliniques | D27: =SUM(Grille!E42:E84)/SUM(Grille!A42:A84) -> 0
A28: A. | B28: Initiation de l'essai clinique | D28: =(COUNTIF(Grille!$D$42:$D$45,"oui")+COUNTIF(Grille!$D$42:$D$45,"En grande partie")*0.67+COUNTIF(Grille!$D$42:$D$45,"partiellement")*0.33)/SUM(Grille!A42:A45) -> 0
A29: B. | B29: Traçabilité et comptabilité | D29: =(COUNTIF(Grille!$D$48:$D$48,"oui")+COUNTIF(Grille!$D$48:$D$48,"En grande partie")*0.67+COUNTIF(Grille!$D$48:$D$48,"partiellement")*0.33)/SUM(Grille!A48:A48) -> 0
A30: C. | B30: Approvisionnement, réception et stockage | D30: =(COUNTIF(Grille!$D$51:$D$55,"oui")+COUNTIF(Grille!$D$51:$D$55,"En grande partie")*0.67+COUNTIF(Grille!$D$51:$D$55,"partiellement")*0.33)/SUM(Grille!A51:A55) -> 0
A31: D. | B31: Prescription et dispensation | D31: =(COUNTIF(Grille!$D$58:$D$65,"oui")+COUNTIF(Grille!$D$58:$D$65,"En grande partie")*0.67+COUNTIF(Grille!$D$58:$D$65,"partiellement")*0.33)/SUM(Grille!A58:A65) -> 0
A32: E. | B32: Préparation des produits expérimentaux | D32: =IFERROR((COUNTIF(Grille!$D$68:$D$69,"oui")+COUNTIF(Grille!$D$68:$D$69,"En grande partie")*0.67+COUNTIF(Grille!$D$68:$D$69,"partiellement")*0.33)/SUM(Grille!A68:A69),"Non applicable") -> 0
A33: F. | B33: Retours et destruction | D33: =(COUNTIF(Grille!$D$72:$D$75,"oui")+COUNTIF(Grille!$D$72:$D$75,"En grande partie")*0.67+COUNTIF(Grille!$D$72:$D$75,"partiellement")*0.33)/SUM(Grille!A72:A75) -> 0
A34: G. | B34: Clôture, facturation et archivage | D34: =(COUNTIF(Grille!$D$78:$D$80,"oui")+COUNTIF(Grille!$D$78:$D$80,"En grande partie")*0.67+COUNTIF(Grille!$D$78:$D$80,"partiellement")*0.33)/SUM(Grille!A78:A80) -> 0
A35: H. | B35: Gestion de l'aveugle | D35: =IFERROR((COUNTIF(Grille!$D$83:$D$84,"oui")+COUNTIF(Grille!$D$83:$D$84,"En grande partie")*0.67+COUNTIF(Grille!$D$83:$D$84,"partiellement")*0.33)/SUM(Grille!A83:A84),"Non applicable") -> 0
A37: III. | B37: Evaluation et gestion des risques | D37: =SUM(Grille!E89:E108)/SUM(Grille!A89:A108) -> 0
A38: A. | B38: Evaluation du circuit | D38: =(COUNTIF(Grille!$D$89:$D$93,"oui")+COUNTIF(Grille!$D$89:$D$93,"En grande partie")*0.67+COUNTIF(Grille!$D$89:$D$93,"partiellement")*0.33)/SUM(Grille!A89:A93) -> 0
A39: B. | B39: Gestion des risques a posteriori | D39: =(COUNTIF(Grille!$D$96:$D$99,"oui")+COUNTIF(Grille!$D$96:$D$99,"En grande partie")*0.67+COUNTIF(Grille!$D$96:$D$99,"partiellement")*0.33)/SUM(Grille!A96:A99) -> 0
A40: C. | B40: Gestion des risques a priori | D40: =(COUNTIF(Grille!$D$102:$D$103,"oui")+COUNTIF(Grille!$D$102:$D$103,"En grande partie")*0.67+COUNTIF(Grille!$D$102:$D$103,"partiellement")*0.33)/SUM(Grille!A102:A103) -> 0
A41: D. | B41: Actions d'amélioration | D41: =(COUNTIF(Grille!$D$106:$D$108,"oui")+COUNTIF(Grille!$D$106:$D$108,"En grande partie")*0.67+COUNTIF(Grille!$D$106:$D$108,"partiellement")*0.33)/SUM(Grille!A106:A108) -> 0
B43: Pourcentage de conformité globale : | D43: =SUM(Grille!E11:E108)/SUM(Grille!A11:A108) -> 0

Sheet Résultat détaillé
B4: Grille d'auto-évaluation de la gestion pharmaceutique des essais cliniques - Résultat détaillé
B6: Critères | D6: Oui/ En grande partie/ Partiellement/ Non/ +/- Non applicable | E6: Pistes de progrès | G6: Commentaires
B8: I. | C8: Organisation générale et fonctions supports
B10: A. | C10: Organisation générale
B11: 1 | C11: Les essais cliniques déclarés dans l’établissement de santé et incluant des produits de santé sont gérés par la PUI (gestion, approvisionnement, préparation si applicable, contrôle, détention, dispensation). | D11: =IF(Grille!D11<>"",Grille!D11,"") | E11: Demander à ce que les lettres de déclarations d'intention d'essais soient adressées au pharmacien (Article R1123-70 du CSP - Obligation du promoteur d'infomer la PUI) Se mettre en conformité avec la réglementation pour tous les EC menés dans l'établissement : le pharmacien hospitalier est chargé, selon le CSP (art. L5126-5), d’assurer la gestion, l’approvisionnement, la préparation, le contrôle, la détention, la dispensation des PSE, et d’en assurer la qualité. Le pharmacien hospitalier peut être amené à réaliser les préparations rendues nécessaires par l’essai. Sources utiles : Guide professionnel de la CPCHU. La présente grille peut également aider à mettre en place les activités de gestion pharmaceutique des EC | G11: =IF(Grille!H11<>"",Grille!H11,"") -> Si "non" à la question 1 : Cette grille d'auto-évaluation ne s'applique pas à une PUI qui ne gère aucun EC incluant des produits de santé. Réglementation : En cas d'EC menés dans un établissement de santé, le pharmacien hospitalier est chargé, selon le CSP (art. L5126-5), d’assurer la gestion, l’approvisionnement, la préparation, le contrôle, la détention, la dispensation des PSE, et d’en assurer la qualité. Le pharmacien hospitalier peut être amené à réaliser les préparations rendues nécessaires par l’essai. Sources utiles : Guide professionnel de la CPCHU. La présente grille peut également aider à mettre en place les activités de gestion pharmaceutique des EC
B12: 2 | C12: Une procédure dégradée en cas de panne des enceintes de stockage à température contrôlée (température ambiante, enceintes réfrigérées, congélateurs) est disponible, mise à jour et appliquée | D12: =IF(Grille!D12<>"",Grille!D12,"") | E12: Elaborer, diffuser et/ou mettre à jour les documents manquants ou obsolètes : - Procédure dégradée qui mentionne la personne à contacter, le délai pour entamer les procédures, les procédures à suivre (ex : procédure spécifique aux EC ou procédure générale de la PUI avec un chapitre dédié aux EC) - Document de traçabilité du recours à cette procédure dégradée et des actions posées (description de l’incident, personne impliquée, date, corrections, statut) | G12: =IF(Grille!H12<>"",Grille!H12,"")
B14: B. | C14: Ressources humaines
B15: 3 | C15: Un pharmacien est désigné comme responsable des EC au sein de la PUI et ses responsabilités/ missions sont définies. | D15: =IF(Grille!D15<>"",Grille!D15,"") | E15: Désigner un pharmacien responsable des EC Elaborer, diffuser et/ou mettre à jour les documents manquants ou obsolètes : Fiche de poste, CV et attestations de formation (BPC 2006, ICH 2015 E6R2, formation spécifique à chaque essai) | G15: =IF(Grille!H15<>"",Grille!H15,"")
B16: 4 | C16: Les tâches/ opérations accomplies par chaque agent intervenant dans les EC à la PUI (excluant le pharmacien responsable) sont définies. | D16: =IF(Grille!D16<>"",Grille!D16,"") | E16: Elaborer, diffuser et/ou mettre à jour les documents manquants ou obsolètes : - Document mentionnant les tâches accomplies par chaque agent (ex : feuille de délégation interne des tâches complétée et signée par chaque agent) - Fiches de poste ou de mission pour chaque agent | G16: =IF(Grille!H16<>"",Grille!H16,"")
B17: 5 | C17: Le personnel pharmaceutique intervenant dans les EC reçoit une formation générale initiale et continue (connaissance des BPC, notion de confidentialité, organisation interne du secteur des EC) et spécifique pour chaque EC. | D17: =IF(Grille!D17<>"",Grille!D17,"") | E17: Former chaque professionnel intervenant dans les EC, dont le personnel non dédié aux EC : unité de production, logistique, personnel de garde… Elaborer, diffuser et/ou mettre à jour les documents manquants ou obsolètes : - Plan de formation (avec périodicité de la formation continue) et support(s) de formation générale (ex : livret d'accueil du nouvel arrivant) et spécifique pour chaque EC (ex : fiche synthèse ou résumé décrite en critère 15) - Attestation de formation (sujet, date, paraphe) de chaque agent par le pharmacien responsable (ex : intégration à la feuille de délégation interne des tâches, attestation de lecture de la fiche synthèse ou résumé pour chaque EC) | G17: =IF(Grille!H17<>"",Grille!H17,"")
B18: 6 | C18: Le personnel pharmaceutique intervenant dans les EC est évalué et habilité au terme de la formation. | D18: =IF(Grille!D18<>"",Grille!D18,"") | E18: Evaluer et habiliter chaque professionnel au terme de la formation Elaborer, diffuser et/ou mettre à jour les documents manquants ou obsolètes : Attestation d'habilitation (sujet, date, paraphe) de chaque agent par le pharmacien responsable (ex : intégration à la feuille de délégation des tâches) datant de moins de 2 ans (ou périodicité définie dans le plan de formation) et adaptée pour chaque statut (selon fiches de poste) | G18: =IF(Grille!H18<>"",Grille!H18,"")
B19: 7 | C19: Le pharmacien responsable des EC définit sa politique de formation, en cohérence avec celle de la PUI et de l’établissement, et rédige un plan pluriannuel de formation avec suivi des formations des personnels du secteur. | D19: =IF(Grille!D19<>"",Grille!D19,"") | E19: Elaborer, diffuser et/ou mettre à jour les documents manquants ou obsolètes : - Politique de formation adaptée pour chaque statut (selon fiches de poste) - Plan pluriannuel de formation avec suivi des formations des agents | G19: =IF(Grille!H19<>"",Grille!H19,"")
B21: C. | C21: Ressources matérielles
B22: 8 | C22: L’accès aux PSE et à la documentation (classeurs des EC, armoires, sites Internet de gestion d'EC, répertoire informatique) est sécurisé et restreint au personnel autorisé. | D22: =IF(Grille!D22<>"",Grille!D22,"") | E22: (Re)définir et mettre en place les modalités d'accès aux PSE et à la documentation Elaborer, diffuser et/ou mettre à jour les documents manquants ou obsolètes : - Règles d'accès aux locaux et aux documents (ex : clés, badges, identifiants et mots de passe) - Liste des personnels autorisés (professionnels de santé et promoteurs), avec dates de début et de fin | G22: =IF(Grille!H22<>"",Grille!H22,"")
B23: 9 | C23: Les PSE sont stockés dans une zone dédiée (séparée du stock classique des médicaments référencés à la PUI). | D23: =IF(Grille!D23<>"",Grille!D23,"") | E23: Définir et mettre en place une zone dédiée au stockage des PSE Elaborer, diffuser et/ou mettre à jour les documents manquants ou obsolètes : Plan de la PUI matérialisant les zones dédiées aux EC | G23: =IF(Grille!H23<>"",Grille!H23,"")
B24: 10 | C24: La maintenance des enceintes de stockage (température ambiante, enceintes réfrigérées, congélateurs/ surgélateurs), du système de ventilation et de climatisation, de l’équipement d'enregistrement de température est réalisée aux intervalles requis par le fabriquant. | D24: =IF(Grille!D24<>"",Grille!D24,"") | E24: Organiser la maintenance de ces équipements, aux intervalles requis par le fabriquant Elaborer, diffuser et/ou mettre à jour les documents manquants ou obsolètes : Document de traçabilité des opérations de maintenance (date, heure, identité de l'opérateur, tâche) | G24: =IF(Grille!H24<>"",Grille!H24,"")
B26: D. | C26: Système d'informations et gestion documentaire
B27: 11 | C27: Le circuit des PSE est informatisé. | D27: =IF(Grille!D27<>"",Grille!D27,"") | E27: Informatiser le circuit des PSE via un logiciel de gestion pharmaceutique des essais cliniques | G27: =IF(Grille!H27<>"",Grille!H27,"")
B28: 12 | C28: Des Procédures Opératoires Standardisées (POS) générales décrivent les modalités d'organisation des opérations de gestion pharmaceutique des EC. | D28: =IF(Grille!D28<>"",Grille!D28,"") | E28: Elaborer, diffuser et/ou mettre à jour les documents manquants ou obsolètes (avec double vérification) : - Procédures conformes (date de publication et de mise à jour, nom et signature des personnes compétentes l'ayant rédigé, validé et approuvé) décrivant l'ensemble des processus de réalisation de la gestion pharmaceutique des EC : initiation d'un EC, approvisionnement, réception, stockage, dispensation (y compris en garde si applicable), préparation, retours, destruction, clôture et archivage - Liste des procédures applicables (titre, dates de mises à jour, auteurs) Recommandation : Une procédure doit être courte, concise et explicite. Privilégier les phrases courtes. Les illustrations et les logigrammes peuvent permettre de clarifier un processus. Sources utiles : BPC, Guide professionnel de la CPCHU (recommandations à chaque étape) | G28: =IF(Grille!H28<>"",Grille!H28,"")
B29: 13 | C29: Une liste des EC en cours est disponible et mise à jour. | D29: =IF(Grille!D29<>"",Grille!D29,"") | E29: Elaborer, diffuser et/ou mettre à jour les documents manquants ou obsolètes : Liste des EC en cours et historique des listes (ex : tableur / extraction d'un logiciel) | G29: =IF(Grille!H29<>"",Grille!H29,"")
B30: 14 | C30: Toute documentation concernant un EC fait l'objet d'un classement, avec constitution d'un dossier individuel par essai. | D30: =IF(Grille!D30<>"",Grille!D30,"") | E30: Elaborer, diffuser et/ou mettre à jour les documents manquants ou obsolètes : Classeur pharmacie (ou dossier pharmaceutique) pour chaque EC | G30: =IF(Grille!H30<>"",Grille!H30,"")
B31: 15 | C31: Des documents élaborés pour chaque EC décrivent les spécificités des modalités organisationnelles et de gestion des PSE dans cet EC (ex: fiche synthèse ou résumé) | D31: =IF(Grille!D31<>"",Grille!D31,"") | E31: Elaborer, diffuser et/ou mettre à jour les documents manquants ou obsolètes : Documents spécifiques pour chaque EC, comprenant, par exemple, les informations suivantes : dénomination du PSE, forme, dosage, posologie, voie d’administration, indication, effets indésirables, interactions, contre-indications, modalités d'approvisionnement et de réception, de conservation, de préparation, de dispensation, d’administration, de destruction, instructions en cas de saut de prise, n° d'identification du protocole, version du protocole, coordonnées de l’investigateur, du promoteur | G31: =IF(Grille!H31<>"",Grille!H31,"")
B33: E. | C33: Communication et confidentialité
B34: 16 | C34: La documentation des communications (courriels, appels téléphoniques importants, rencontres) est disponible, mise à jour et archivée. | D34: =IF(Grille!D34<>"",Grille!D34,"") | E34: Tracer, classer et archiver les communications (impression, sauvegarde électronique) | G34: =IF(Grille!H34<>"",Grille!H34,"")
B35: 17 | C35: Le respect de la confidentialité des données est organisé (anonymisation, restriction des conversations dans les lieux publics). | D35: =IF(Grille!D35<>"",Grille!D35,"") | E35: Elaborer, diffuser et/ou mettre à jour les documents manquants ou obsolètes : Documents anonymisés transmis par la PUI au promoteur (courriers, fax, mails) | G35: =IF(Grille!H35<>"",Grille!H35,"")
B36: 18 | C36: La liste des personnels responsables de chaque EC et leurs coordonnées sont disponibles et mises à jour. | D36: =IF(Grille!D36<>"",Grille!D36,"") | E36: Elaborer, diffuser et/ou mettre à jour les documents manquants ou obsolètes : Liste des personnels responsables de chaque EC (ex : médecins investigateurs, attachés de recherche clinique, personnes responsables de garde), avec les prénoms, noms et coordonnées de chacun (ex : n° de téléphone, bip, courriel) (ex : liste intégrée à la fiche synthèse ou résumé de chaque EC) | G36: =IF(Grille!H36<>"",Grille!H36,"")
B37: 19 | C37: Les interfaces nécessaires avec la Direction de la Recherche Clinique et de l'Innovation (DRCI), quand elle existe, sont définies. | D37: =IF(Grille!D37<>"",Grille!D37,"") | E37: Définir les interfaces avec la DRCI Elaborer, diffuser et/ou mettre à jour les documents manquants ou obsolètes : Conventions hospitalières ou contrat de fonctionnement inter-service définissant les rôles de chacun et le périmètre de la coopération du pharmacien pour chaque activité | G37: =IF(Grille!H37<>"",Grille!H37,"")
B39: II. | C39: Gestion pharmaceutique des essais cliniques
B41: A. | C41: Initiation de l'essai clinique
B42: 20 | C42: La PUI est associée aux visites de sélection et de mise en place des EC gérés par la PUI au sein de l'établissement de santé. | D42: =IF(Grille!D42<>"",Grille!D42,"") | E42: Associer la PUI aux visites de sélection et de mise en place des EC Elaborer, diffuser et/ou mettre à jour les documents manquants ou obsolètes : Documents de traçabilité d'organisation (entre le promoteur et la PUI) ou comptes-rendus des visites de sélection et de mise en place | G42: =IF(Grille!H42<>"",Grille!H42,"")
B43: 21 | C43: Avant la signature de la convention hospitalière, le pharmacien évalue la faisabilité de l'EC (locaux, matériel, personnel), valide les termes de la convention hospitalière et de la grille des surcoûts pour la partie pharmacie. | D43: =IF(Grille!D43<>"",Grille!D43,"") | E43: Elaborer, diffuser et/ou mettre à jour les documents manquants ou obsolètes : - Procédure ou check-list d'analyse de la faisabilité (documents nécessaires transmis par le promoteur, éventuelle expertise des secteurs pharmacotechnie et contrôle, évaluation de la capacité de respecter la répartition aléatoire et le maintien de l’insu, de la capacité de préparation et de stockage, évaluation du financement et du temps requis pour les services pharmaceutiques, nécessité d’une garde pharmaceutique), de la convention hospitalière et de la grille des surcoûts - Documents de traçabilité des analyses de faisabilité communiquées au promoteur et à l'investigateur | G43: =IF(Grille!H43<>"",Grille!H43,"")
B44: 22 | C44: Un mode opératoire ou une grille de renseignements (check-list) est utilisée lors de la mise en place pour recueillir toute l'information nécessaire à la gestion pharmaceutique de l'EC. | D44: =IF(Grille!D44<>"",Grille!D44,"") | E44: Elaborer, diffuser et/ou mettre à jour les documents manquants ou obsolètes : Mode opératoire ou grille de renseignement (check-list) de mise en place, couvrant l’ensemble des étapes du circuit des PSE | G44: =IF(Grille!H44<>"",Grille!H44,"")
B45: 23 | C45: Le pharmacien informe le promoteur des modalités opératoires qu'il prévoit de mettre en place pour la gestion des PSE. | D45: =IF(Grille!D45<>"",Grille!D45,"") | E45: Elaborer, diffuser et/ou mettre à jour les documents manquants ou obsolètes : Courriers, courriels ou support d'information au promoteur (ex : plaquette d’informations) listant les prestations, organisations, activités pharmaceutiques locales liées aux EC (éléments de preuves non indispensables si le promoteur se déplace à la PUI lors de la visite de sélection) | G45: =IF(Grille!H45<>"",Grille!H45,"")
B47: B. | C47: Traçabilité et comptabilité
B48: 24 | C48: La traçabilité des PSE est réalisée à chaque étape du circuit pharmaceutique des EC, de la réception jusqu'à la réconciliation finale. | D48: =IF(Grille!D48<>"",Grille!D48,"") | E48: Elaborer, diffuser et/ou mettre à jour les documents manquants ou obsolètes : Supports (internes ou du promoteur, papier et/ou informatique) de comptabilité globale et/ou nominative (par patient), permettant la traçabilité des renseignements nécessaires (identité patient, date, identité de l’opérateur, quantité, produit, n° de lot, n° de traitement, date de péremption) à chacune de ces étapes : réception / préparation / dispensation / mise en dotation / retour / devenir du retour ou du produit non dispensé (destruction sur site ou retour au promoteur) | G48: =IF(Grille!H48<>"",Grille!H48,"")
B50: C. | C50: Approvisionnement, réception et stockage
B51: 25 | C51: Les modalités d’approvisionnement des PSE sont définies par une procédure spécifique pour chaque EC, conformément aux exigences requises par le promoteur pour chaque EC et aux capacités de stockage et d’équipement de la PUI. | D51: =IF(Grille!D51<>"",Grille!D51,"") | E51: Elaborer, diffuser et/ou mettre à jour les documents manquants ou obsolètes : Procédure spécifique pour chaque EC (ex : fiche synthèse ou résumé) décrivant les modalités d'approvisionnement, par exemple : niveau des stocks à conserver, personne désignée, méthode de commande, adresse de livraison, délai de réception, coordonnées du contact promoteur | G51: =IF(Grille!H51<>"",Grille!H51,"")
B52: 26 | C52: La réception des PSE fait l'objet d'une POS générale, d'une procédure spécifique pour chaque EC et d'une traçabilité systématique dans le dossier de chaque EC, conformément aux exigences requises par le promoteur pour chaque EC et aux capacités de stockage et d’équipement de la PUI. | D52: =IF(Grille!D52<>"",Grille!D52,"") | E52: Elaborer, diffuser et/ou mettre à jour les documents manquants ou obsolètes : - POS décrivant les modalités de réception, par exemple : transport interne si multi-site, ouverture du colis, contrôle des unités thérapeutiques (conformité par rapport au bon de commande/ livraison, étiquetage conforme à l'arrêté du 24 mai 2006, certificats d'analyse/ de libération de lots, intégrité, respect des conditions de conservation lors du transport), rangement des PSE, traçabilité de l'entrée en stock, confirmation de réception au promoteur, archivage des documents, retour éventuel de l'emballage vide, conduite à tenir en cas de non-conformité - Procédure spécifique pour chaque EC (ex : fiche synthèse ou résumé) décrivant les modalités de réception - Supports (papier et/ou informatique) de comptabilité permettant la traçabilité de l'entrée en stock : date de réception, quantité, produit, n° de lot, n° de traitement, date de péremption, identité de l'opérateur | G52: =IF(Grille!H52<>"",Grille!H52,"")
B53: 27 | C53: Les modalités de stockage des PSE sont définies par une POS générale et par une procédure spécifique pour chaque EC, conformément aux exigences requises par le promoteur pour chaque EC et aux capacités de stockage et d’équipement de la PUI, selon une organisation permettant d'identifier et de séparer les produits en différentes zones : PSE d'EC ouverts actifs (avec identification de chaque essai et des PSE associés), PSE en quarantaine, PSE retournés par les patients ou utilisés. | D53: =IF(Grille!D53<>"",Grille!D53,"") | E53: Elaborer, diffuser et/ou mettre à jour les documents manquants ou obsolètes : - POS décrivant les modalités de stockage - Procédure spécifique pour chaque EC (ex : fiche synthèse ou résumé) décrivant les modalités de stockage - Etiquettes identifiant chaque zone et chaque EC (éventuel code couleur) | G53: =IF(Grille!H53<>"",Grille!H53,"")
B54: 28 | C54: Un système de mesure de la température des zones de stockage est utilisé (relevé journalier a minima) et calibré selon les normes en vigueur. | D54: =IF(Grille!D54<>"",Grille!D54,"") | E54: Définir et mettre en place un système de mesure de la température des zones de stockage (relevé journalier a minima). Idéalement, il s'agit d'un système d'enregistrement en continu bénéficiant d'une alarme dont le report permet la gestion de toute excursion de température, y compris en dehors des horaires ouvrables de la PUI. Organiser la calibration du système selon les normes en vigueur et archiver les constats de vérification annuels fournis par le laboratoire de métrologie accrédité COFRAC. Elaborer, diffuser et/ou mettre à jour les documents manquants ou obsolètes : - POS décrivant le suivi, l'enregistrement des températures et la gestion des excursions de température - Documents de traçabilité des températures, comprenant au moins une mesure/un relevé par jour (date, valeurs de température, localisation des systèmes de mesure) - Notifications d'excursions de température - Constats de vérification annuels fournis par un laboratoire de métrologie accrédité COFRAC - Système d'enregistrement en continu bénéficiant d'une alarme dont le report permet la gestion de toute excursion de température, y compris en dehors des horaires ouvrables de la PUI | G54: =IF(Grille!H54<>"",Grille!H54,"")
B55: 29 | C55: Les modalités d'inventaire et de contrôle des dates de péremption des PSE sont définies. | D55: =IF(Grille!D55<>"",Grille!D55,"") | E55: Elaborer, diffuser et/ou mettre à jour les documents manquants ou obsolètes : POS décrivant les modalités d'inventaire et de contrôle des dates de péremption (incluant les alertes logiciel en cas d'informatisation du circuit) | G55: =IF(Grille!H55<>"",Grille!H55,"")
B57: D. | C57: Prescription et dispensation
B58: 30 | C58: Pour les EC dont la PUI pré-rédige les ordonnances (papiers ou informatisées - ex : protocoles de chimiothérapies) - celles-ci sont validées par l'investigateur et comportent les mentions réglementaires de l’article R5132-3 du CSP ainsi que les informations requises par le protocole de l'EC. | D58: =IF(Grille!D58<>"",Grille!D58,"") | E58: Mettre en place la validation par l'investigateur des ordonnances pré-rédigées, avant la 1ère prescription, pour chaque EC Elaborer, diffuser et/ou mettre à jour les documents manquants ou obsolètes : - Modèles d'ordonnances pré-rédigées et/ou ordonnances/protocoles informatisés comportant les mentions réglementaires de l’article R5132-3 du CSP ainsi que les informations requises par le protocole de l'EC (a minima nom de l’EC, n° d’inclusion, n° de cycle/de visite, n° de traitement le cas échéant, bras de traitement le cas échéant, réductions de doses le cas échéant) - En cas de prescription sur un logiciel d'aide à la prescription (ex : protocoles de chimiothérapies) : document décrivant les modalités de saisie et de validation d'un protocole (ex : guide utilisateur du logiciel / procédure / check-list) | G58: =IF(Grille!H58<>"",Grille!H58,"")
B59: 31 | C59: Les prescripteurs autorisés sont identifiés pour chaque EC. | D59: =IF(Grille!D59<>"",Grille!D59,"") | E59: Elaborer, diffuser et/ou mettre à jour les documents manquants ou obsolètes : Liste des prescripteurs autorisés par EC (ex: intégration à la fiche synthèse ou résumé) | G59: =IF(Grille!H59<>"",Grille!H59,"")
B60: 32 | C60: La dispensation des PSE fait l'objet d'une POS générale et d'une traçabilité systématique dans le dossier de chaque EC (heures ouvrables, et non ouvrables si applicable) | D60: =IF(Grille!D60<>"",Grille!D60,"") | E60: Elaborer, diffuser et/ou mettre à jour les documents manquants ou obsolètes : - POS décrivant les modalités de dispensation : vérifications minimales sur l'ordonnance et sur les traitements, consultation des spécificités de l'EC (fiche synthèse ou résumé) et analyse pharmaceutique - Ordonnances et supports (papier et/ou informatique) de comptabilité permettant la traçabilité de la dispensation : date, identité de l'opérateur, quantité, produit, n° de lot, n° de traitement, date de péremption | G60: =IF(Grille!H60<>"",Grille!H60,"")
B61: 33 | C61: L'acte de dispensation fait l'objet d'un double-contrôle indépendant immédiat, lui-même tracé. | D61: =IF(Grille!D61<>"",Grille!D61,"") | E61: Elaborer, diffuser et/ou mettre à jour les documents manquants ou obsolètes : - POS décrivant les modalités de dispensation (critère 32) intégrant les modalités de double-contrôle indépendant immédiat - Ordonnances et/ou supports (papier et/ou informatique) de comptabilité permettant la traçabilité de ce double-contrôle avec identité de l'opérateur | G61: =IF(Grille!H61<>"",Grille!H61,"")
B62: 34 | C62: La dispensation à délivrance nominative est privilégiée par rapport à la mise en dotation dans les services de soins, sauf lorsque c'est impossible dans les conditions requises par le protocole (ex : traitements d’urgence ou inclusions pouvant survenir à tout moment : nuits et week-ends) | D62: =IF(Grille!D62<>"",Grille!D62,"") | E62: Privilégier la délivrance nominative autant que possible pour chaque EC Elaborer, diffuser et/ou mettre à jour les documents manquants ou obsolètes : par exemple : grille de renseignement (ou check-list) à compléter par la PUI lors de la mise en place, permettant de détecter les conditions particulières justifiant le choix de mise en dotation dans les services plutôt que la délivrance nominative | G62: =IF(Grille!H62<>"",Grille!H62,"")
B63: 35 | C63: En cas de mise en dotation dans le service, les modalités de renouvellement de la dotation sont définies en accord avec l'investigateur. | D63: =IF(Grille!D63<>"",Grille!D63,"") | E63: Elaborer, diffuser et/ou mettre à jour les documents manquants ou obsolètes : Procédure spécifique de mise en dotation pour chaque EC concerné (ex : fiche synthèse ou résumé) | G63: =IF(Grille!H63<>"",Grille!H63,"")
B64: 36 | C64: En cas de mise en dotation dans le service, le pharmacien valide l’emplacement et les conditions de température de stockage associées dans le service et il y accède facilement pour vérification du stock, reprise de périmés, etc. | D64: =IF(Grille!D64<>"",Grille!D64,"") | E64: Mettre en place la validation et le contrôle du stockage dans les services par le pharmacien Elaborer, diffuser et/ou mettre à jour les documents manquants ou obsolètes : Procédure de stockage des PSE dans les services de soins | G64: =IF(Grille!H64<>"",Grille!H64,"")
B65: 37 | C65: En cas de remise du traitement aux patients par la PUI, des conseils pharmaceutiques sont délivrés, qui sont adaptés au traitement protocolaire, validés par le promoteur et l'investigateur (informations extraites du protocole/ brochure investigateur). | D65: =IF(Grille!D65<>"",Grille!D65,"") | E65: Délivrer des conseils pharmaceutiques lors de la remise du traitement au patient Elaborer, diffuser et/ou mettre à jour les documents manquants ou obsolètes : Supports d'information/ conseils remis au patient ou donnés à l'oral, pour chaque EC (ex : intégration à l'ordonnance protocolaire), comprenant par exemple : précautions d'emploi, modalités de prises, conduite à tenir en cas d'oubli, effets indésirables, interactions médicamenteuses (traitements concomitants interdits/autorisés selon le protocole) | G65: =IF(Grille!H65<>"",Grille!H65,"")
B67: E. | C67: Préparation des produits expérimentaux
B68: 38 | C68: L'organisation et les modalités de préparation des médicaments expérimentaux à la PUI sont définies (heures ouvrables, et non ouvrables si applicable). | D68: =IF(Grille!D68<>"",Grille!D68,"") | E68: Elaborer, diffuser et/ou mettre à jour les documents manquants ou obsolètes : - Autorisation PUI mentionnant l'activité de préparation de médicaments expérimentaux par l'Agence Régionale de Santé - POS de préparation spécifique aux essais cliniques, décrivant l'organisation, les responsabilités du secteur EC ou secteur Production, les locaux, les équipements, le personnel, les modalités de contrôle de conformité (ex : double contrôle visuel, contrôle gravimétrique ou analytique) et de libération pharmaceutique | G68: =IF(Grille!H68<>"",Grille!H68,"")
B69: 39 | C69: Les modes opératoires de préparation (ou fiches de fabrication) sont élaborés pour chaque EC conformément aux exigences requises par le promoteur. | D69: =IF(Grille!D69<>"",Grille!D69,"") | E69: Elaborer, diffuser et/ou mettre à jour les documents manquants ou obsolètes : Modes opératoires de préparation (ou fiches de fabrication), informatisés ou non, pour chaque EC concerné | G69: =IF(Grille!H69<>"",Grille!H69,"")
B71: F. | C71: Retours et destruction
B72: 40 | C72: Les patients ambulatoires sont systématiquement informés de l'obligation de retourner les PSE dispensés à la PUI, ou au service investigateur qui les transmet à la PUI dans les plus brefs délais. | D72: =IF(Grille!D72<>"",Grille!D72,"") | E72: Inclure l'obligation de retourner les PSE dispensés dans les conseils pharmaceutiques lors de la dispensation au patient (cf. critère 37) ou au personnel d'investigation qui remet le traitement au patient : consigne à l'oral + support écrit remis au patient (ex : intégration à l'ordonnance protocolaire, étiquette collée sur chaque conditionnement) | G72: =IF(Grille!H72<>"",Grille!H72,"")
B73: 41 | C73: Les modalités de gestion des retours sont définies. | D73: =IF(Grille!D73<>"",Grille!D73,"") | E73: Elaborer, diffuser et/ou mettre à jour les documents manquants ou obsolètes : POS décrivant les modalités de gestion des traitements retournés : comptabilité et analyse de l'observance le cas échéant, traçabilité puis stockage dans la zone dédiée avec identification de l’essai, dans l’attente de la vérification de cette comptabilité lors d’une visite de monitoring | G73: =IF(Grille!H73<>"",Grille!H73,"")
B74: 42 | C74: Le retour des traitements au promoteur/ dépôt est effectué après autorisation du promoteur, selon les modalités définies dans la POS générale et la procédure spécifique de l'EC. | D74: =IF(Grille!D74<>"",Grille!D74,"") | E74: Elaborer, diffuser et/ou mettre à jour les documents manquants ou obsolètes : - POS décrivant les modalités de retour au promoteur - Procédure spécifique pour chaque EC (ex : fiche synthèse ou résumé) décrivant les modalités de retour au promoteur - Formulaires de retour, document de traçabilité des enlèvements de colis (registre des dépôts/ enlèvements de colis) comprenant : date, identité de l'opérateur, produit, quantité, lot, péremption, destinataire | G74: =IF(Grille!H74<>"",Grille!H74,"")
B75: 43 | C75: La mise en destruction des traitements par le site est effectuée après monitoring ou autorisation du promoteur, selon les modalités définies dans la POS et validées lors de la mise en place. | D75: =IF(Grille!D75<>"",Grille!D75,"") | E75: Elaborer, diffuser et/ou mettre à jour les documents manquants ou obsolètes : - POS décrivant les modalités de destruction des traitements, y compris après préparation magistrale (PSE cytotoxiques ou non) - Documentation (ex : certificat, attestation) de la destruction (document interne et/ou du promoteur) mentionnant : identification de l'EC (promoteur et code), nom du traitement, dosage, quantités restant dans les conditionnements, n° de lot et/ou n° de traitement et/ou n° d'identification du patient, date de péremption, date, raison de la destruction (retours patient, périmés, non conformités, fin d’essai...), identité de l'opérateur (nom, qualité, signature) | G75: =IF(Grille!H75<>"",Grille!H75,"")
B77: G. | C77: Clôture, facturation et archivage
B78: 44 | C78: L’évaluation des surcoûts intermédiaires (en cours d’étude) et finaux par la PUI est réalisée conformément à la grille prévue dans la convention hospitalière (partie concernant la PUI). | D78: =IF(Grille!D78<>"",Grille!D78,"") | E78: Elaborer, diffuser et/ou mettre à jour les documents manquants ou obsolètes : - POS décrivant les modalités d'évaluation des surcoûts - Document de traçabilité des surcoûts : périodes de facturation, suivi des envois/réception des états de compte | G78: =IF(Grille!H78<>"",Grille!H78,"")
B79: 45 | C79: La gestion des visites de clôture fait l'objet d'une POS générale et d'une traçabilité pour chaque EC. | D79: =IF(Grille!D79<>"",Grille!D79,"") | E79: Elaborer, diffuser et/ou mettre à jour les documents manquants ou obsolètes : - POS décrivant les modalités de clôture des EC - Liste des EC en cours et clôturés (historique des listes), comprenant l'identification du protocole et la date de clôture | G79: =IF(Grille!H79<>"",Grille!H79,"")
B80: 46 | C80: L'archivage de la documentation de chaque EC fait l'objet d'une POS générale et d'une traçabilité pour chaque EC. | D80: =IF(Grille!D80<>"",Grille!D80,"") | E80: Elaborer, diffuser et/ou mettre à jour les documents manquants ou obsolètes : - POS décrivant les modalités d'archivage : réception de la lettre de clôture et évaluation des surcoûts finaux comme prérequis / documentation complète rassemblée et indexée pour chaque EC / durées d'archivage conformes à la réglementation / locaux appropriés, définis, sécurisés / mobilisables à tout moment pendant la période d'archivage (audits) - Document de traçabilité des archives, comprenant l'identification du protocole, dates d'archivage et de destruction - Boîtes d'archive étiquetées avec les informations suivantes : titre et/ou code de l'EC, référence interne à l’établissement, nom du promoteur, n° de boîte (traçabilité interne), année d’archivage, année de destruction autorisée (facultatif) | G80: =IF(Grille!H80<>"",Grille!H80,"")
B82: H. | C82: Gestion de l'aveugle
B83: 47 | C83: Les modalités de maintien de l'aveugle sont définies par une POS générale et par une procédure spécifique pour chaque EC concerné, en accord avec le promoteur (étiquetage et apparence des PSE, restriction de la quantité et de l’accessibilité des documents pouvant dévoiler l’aveugle, respect des précautions à chaque dispensation). | D83: =IF(Grille!D83<>"",Grille!D83,"") | E83: Elaborer, diffuser et/ou mettre à jour les documents manquants ou obsolètes : -POS décrivant les modalités de maitien de l'aveugle à la PUI -Document spécifique pour chaque EC concerné (ex: fiche synthèse ou résumé), décrivant les modalités de maintien de l'aveugle par la PUI | G83: =IF(Grille!H83<>"",Grille!H83,"")
B84: 48 | C84: Pour les EC où la PUI est autorisée à lever l'aveugle, les règles de levée d’aveugle sont organisées en accord avec le promoteur. | D84: =IF(Grille!D84<>"",Grille!D84,"") | E84: Elaborer, diffuser et/ou mettre à jour les documents manquants ou obsolètes : Procédure accessible au personnel de garde en cas de réactions indésirables graves, documentation consignant le nom des personnes autorisées à lever l’aveugle | G84: =IF(Grille!H84<>"",Grille!H84,"")
B86: III. | C86: Evaluation et gestion des risques
B88: A. | C88: Evaluation du circuit
B89: 49 | C89: La gestion des visites de monitoring à la PUI est organisée (prises de rdv et planification, visites sur site, local adéquat, accès à la documentation, accès aux PSE, actions correctives des écarts constatés). | D89: =IF(Grille!D89<>"",Grille!D89,"") | E89: Elaborer, diffuser et/ou mettre à jour les documents manquants ou obsolètes : - POS de gestion des visites de monitoring - Documents (ex : classeur monitoring, plateforme en ligne) mis à disposition lors des monitorings selon les demandes des ARC promoteurs (ex : traçabilité des températures de conservation, fiche de délégation des tâches, procédures qualité internes relatives à la gestion de EC, certificat BPC, CV) - Comptes-rendus de monitoring archivés dans le dossier de chaque EC | G89: =IF(Grille!H89<>"",Grille!H89,"")
B90: 50 | C90: Les activités pharmaceutiques relatives aux essais cliniques sont quantifiées et suivies par des indicateurs d'activité. | D90: =IF(Grille!D90<>"",Grille!D90,"") | E90: Mettre en place le suivi des indicateurs d'activité (a minima annuellement) Elaborer, diffuser et/ou mettre à jour les documents manquants ou obsolètes : Rapports annuels d’activités avec indicateurs d'activité sur l'année, par exemple : nombre de mises en place, d’EC gérés à la PUI, d’EC actifs (avec au moins une dispensation sur l’année), de réceptions, de dispensations (ou de lignes de dispensations), de préparations stériles et non stériles pour EC, de visites de monitoring, d'audits externes, d'auto-évaluations/audits internes, de clôtures, etc. | G90: =IF(Grille!H90<>"",Grille!H90,"")
B91: 51 | C91: Une auto-évaluation de l'organisation et de la gestion pharmaceutique des EC est réalisée sur les différentes étapes du circuit des PSE. | D91: =IF(Grille!D91<>"",Grille!D91,"") | E91: Réaliser une auto-évaluation régulièrement, diffuser et archiver les rapports d'auto-évaluations, d'audits internes | G91: =IF(Grille!H91<>"",Grille!H91,"")
B92: 52 | C92: Une hétéro-évaluation de l'organisation et de la gestion pharmaceutique des EC est organisée, sous forme d'enquêtes de satisfaction transmises aux partenaires/clients de la PUI (promoteurs/investigateurs/patients…) | D92: =IF(Grille!D92<>"",Grille!D92,"") | E92: Elaborer des enquête de satisfaction et les transmettre aux promoteurs/ investigateurs/ patients... Elaborer, diffuser et/ou mettre à jour les documents manquants ou obsolètes : Documents de traçabilité des enquêtes de satisfaction complétées par les promoteurs, investigateurs et patients | G92: =IF(Grille!H92<>"",Grille!H92,"")
B93: 53 | C93: Des indicateurs qualitatifs sont relevés afin d'évaluer et de suivre la qualité de la gestion pharmaceutique des EC. | D93: =IF(Grille!D93<>"",Grille!D93,"") | E93: Mettre en place le suivi des indicateurs qualitatifs (ex : taux de conformité des réceptions/ préparations/ dispensations, taux d'EC actifs avec dispensation nominative) Elaborer, diffuser et/ou mettre à jour les documents manquants ou obsolètes : Tableau de suivi / tableau de bord d'indicateurs qualitatifs | G93: =IF(Grille!H93<>"",Grille!H93,"")
B95: B. | C95: Gestion des risques a posteriori
B96: 54 | C96: Les déviations au protocole liées à l’utilisation des PSE (instabilité physicochimique, inobservance, écart de température) sont signalées par écrit au promoteur, lorsque cette responsabilité a été déléguée au pharmacien. | D96: =IF(Grille!D96<>"",Grille!D96,"") | E96: Signaler les déviations par écrit au promoteur (ex : Note to file), en mentionnant la date, la raison, les démarches Archiver les signalements dans le dossier de chaque EC | G96: =IF(Grille!H96<>"",Grille!H96,"")
B97: 55 | C97: Tout PSE non conforme fait l’objet d’une information au promoteur et d’une mise en quarantaine dans l'attente de la décision du promoteur quant aux actions à mettre en œuvre. | D97: =IF(Grille!D97<>"",Grille!D97,"") | E97: Informer le promoteur de tout PSE non conforme et les mettre en quarantaine dans l'attente de sa décision Archiver les documents de traçabilité (papier et/ou informatique) des mises en quarantaine et des communications relatives aux PSE non conformes, dans le dossier de chaque EC | G97: =IF(Grille!H97<>"",Grille!H97,"")
B98: 56 | C98: Toute non-conformité sur le circuit du PSE est déclarée et tracée en interne. | D98: =IF(Grille!D98<>"",Grille!D98,"") | E98: Elaborer, diffuser et/ou mettre à jour les documents manquants ou obsolètes : Support interne de traçabilité des déclarations de non-conformités | G98: =IF(Grille!H98<>"",Grille!H98,"")
B99: 57 | C99: Un retour d’expérience sur le circuit des PSE en cas de non-conformité est organisé avec participation du secteur EC de la PUI. Cette organisation : - priorise les déclarations internes à analyser - procède par toute méthodologie à l’analyse collective et interdisciplinaire des causes - propose, pour chaque déclaration analysée, des actions d’amélioration - procède à la mise en place de ces actions et à leur suivi (évaluation de leur efficacité) - communique sur ce retour d’expérience auprès des acteurs concernés | D99: =IF(Grille!D99<>"",Grille!D99,"") | E99: Organiser un retour d'expérience sur les non-conformités Archiver les comptes-rendus des retours d'expériences, comprenant : description et analyse de la non-conformité, décision des actions d'amélioration et des modalités de suivi Diffuser les supports de communication en lien avec l’analyse et les actions d’amélioration | G99: =IF(Grille!H99<>"",Grille!H99,"")
B101: C. | C101: Gestion des risques a priori
B102: 58 | C102: Une étude des risques a priori sur la gestion pharmaceutique des EC est réalisée puis réévaluée périodiquement, de façon collective et interdisciplinaire. | D102: =IF(Grille!D102<>"",Grille!D102,"") | E102: Réaliser et diffuser l'étude des risques a priori (ex : cartographie des risques) avec réévaluations périodiques, en indiquant les dates de mise en œuvre et de réévaluation(s) | G102: =IF(Grille!H102<>"",Grille!H102,"")
B103: 59 | C103: L'étude des risques a priori conduit à la proposition d'actions d'amélioration et de modalités de suivi de ces actions. | D103: =IF(Grille!D103<>"",Grille!D103,"") | E103: Elaborer, diffuser et/ou mettre à jour les documents manquants ou obsolètes : Plan d'actions et de suivi de l'étude des risques Mettre en œuvre et suivre les actions d'amélioration | G103: =IF(Grille!H103<>"",Grille!H103,"")
B105: D. | C105: Actions d'amélioration
B106: 60 | C106: Il existe un plan d'actions sur le circuit des PSE, qui intègre les actions issues des retours d'expérience, des évaluations internes (études de risque a priori, audits internes) et externes (inspections, audits externes, enquêtes de satisfaction) | D106: =IF(Grille!D106<>"",Grille!D106,"") | E106: Archiver les rapports d’audits externes, d'inspections Elaborer et diffuser le plan d'actions mentionnant l'origine de chaque action (retours d'expérience, évaluations internes ou externes) | G106: =IF(Grille!H106<>"",Grille!H106,"")
B107: 61 | C107: Le plan d'actions précise, pour chaque action, les responsabilités, le calendrier et les modalités de suivi au moyen notamment d'indicateurs. | D107: =IF(Grille!D107<>"",Grille!D107,"") | E107: S'assurer que ce plan d'actions mentionne, pour chaque action, les responsabilités, le calendrier et les modalités de suivi au moyen notamment d'indicateurs | G107: =IF(Grille!H107<>"",Grille!H107,"")
B108: 62 | C108: Le plan d'actions est actualisé à périodicité définie. | D108: =IF(Grille!D108<>"",Grille!D108,"") | E108: Actualiser ce plan d'actions, au moins tous les 2 ans, et indiquer les dates de la dernière version et de la prochaine actualisation prévue | G108: =IF(Grille!H108<>"",Grille!H108,"")
